 Dungeon Crawl Stone Soup version 0.32-a0-900-g30fb1b0edc (webtiles) character file.

Game seed: 1094072788944997510

753 601d51SH the Poker (level 7, -13/60 HPs)
             Began as a Gnoll Cinder Acolyte on Apr 5, 2024.
             Was a Priest of Ignis.
             Mangled by an ogre
             ... wielding a +0 giant club
              (27 damage)
             ... on level 4 of the Dungeon.
             The game lasted 00:08:42 (3859 turns).

601d51SH the Poker (Gnoll Cinder Acolyte)           Turns: 3859, Time: 00:08:42

Health: -13/60     AC:  5    Str: 19    XL:     7   Next: 79%
Magic:  13/13      EV: 11    Int: 14    God:    Ignis [***...]
Gold:   246        SH:  0    Dex:  9    Spells: 9/14 levels left

rFire   + . .        h - +2 sling (freeze)
rCold   . . .        (no shield)
rNeg    . . .        t - +0 leather armour
rPois   .            c - +0 helmet
rElec   .            (no cloak)
rCorr   .            r - +0 pair of gloves {Stlth+}
SInv    .            (no boots)
Will    .....        (no amulet)
Stlth   +++          j - +6 ring of strength
HPRegen 0.30/turn    (no ring)
MPRegen 0.13/turn

%: no passive effects
@: no status effects
A: fangs 1, strong nose, distributed training
a: Renounce Religion, Fiery Armour, Foxfire Swarm, Rising Flame


You were on level 4 of the Dungeon.
You worshipped Ignis.
Ignis was most pleased with you.
You visited 1 branch of the dungeon, and saw 5 of its levels.

You collected 270 gold pieces.
You spent 24 gold pieces at shops.

Inventory:

Hand Weapons
 a - a -1 spear of flaming
 d - a +3 dagger of venom
 h - a +2 sling of freezing (weapon)
Missiles
 A - 6 poisoned darts
Armour
 b - a +0 robe
 c - a +0 helmet (worn)
 r - a +0 pair of gloves of stealth (worn)
 t - a +0 leather armour (worn)
 z - a +0 scale mail
Jewellery
 j - a +6 ring of strength (left hand)
 l - a ring of fire
 x - a ring of ice
Talismans
 k - a beast talisman
Wands
 u - a wand of charming (8)
 v - a wand of quicksilver (9)
 B - a wand of polymorph (9)
Scrolls
 e - 3 scrolls of identify {unknown}
 f - a scroll of butterflies {unknown}
 g - 3 scrolls of enchant weapon {unknown}
 i - a scroll of noise {unknown}
 m - a scroll of amnesia {unknown}
 p - a scroll of silence {unknown}
 q - 2 scrolls of fear {unknown}
 y - a scroll of teleportation {unknown}
 C - a scroll of torment {unknown}
Potions
 n - 3 potions of enlightenment {unknown}
 o - a potion of cancellation {unknown}
 s - a potion of resistance {unknown}
 w - 3 potions of curing {unknown}


   Skills:
 + Level 7.2 Fighting
 + Level 2.8 Short Blades
 + Level 2.8 Long Blades
 + Level 2.8 Axes
 + Level 2.8 Maces & Flails
 + Level 7.2 Polearms
 + Level 2.8 Staves
 + Level 2.8 Ranged Weapons
 + Level 2.8 Throwing
 + Level 2.8 Armour
 + Level 2.8 Dodging
 + Level 2.8 Stealth
 + Level 2.8 Shields
 + Level 2.8 Unarmed Combat
 + Level 4.0 Spellcasting
 + Level 2.3 Conjurations
 + Level 2.3 Hexes
 + Level 2.3 Summonings
 + Level 2.3 Necromancy
 + Level 2.3 Translocations
 + Level 5.9 Fire Magic
 + Level 2.3 Ice Magic
 + Level 2.3 Air Magic
 + Level 2.3 Earth Magic
 + Level 2.3 Alchemy
 + Level 3.1 Invocations
 + Level 2.8 Evocations
 + Level 2.5 Shapeshifting


You had 9 spell levels left.
You knew the following spells:

 Your Spells              Type           Power      Damage    Failure   Level
a - Scorch                Fire           38%        2d6       3%          2
b - Confusing Touch       Hex            9%         N/A       26%         3

Your spell library contained the following spells:

 Spells                   Type           Power      Damage    Failure   Level
 Kiss of Death            Conj/Necr      36%        2d8       9%          1
 Lesser Beckoning         Tloc           18%        N/A       14%         2
 Maxwell's Portable Pile  Tloc           9%         2d(6-16)  26%         3
 Sigil of Binding         Hex            9%         N/A       26%         3
 Teleport Other           Tloc           9%         N/A       26%         3
 Dispel Undead            Necr           9%         3d8       65%         4
 Death Channel            Necr           4%         N/A       100%        6
 Sculpt Simulacrum        Ice/Alch       4%         N/A       100%        6


Dungeon Overview and Level Annotations

Branches:
Dungeon (5/15)
 Temple: D:4-7

Altars:
Dithmenos

Shops:
D:1 [*(


Innate Abilities, Weirdness & Mutations

You have very sharp teeth.
Your uncanny sense of smell can sniff out nearby items.
Your experience applies equally to all skills.


Message History

The sling bullet freezes the ogre.
The ogre is almost dead.
The ogre hits you with a +0 giant spiked club!!
* * * LOW HITPOINT WARNING * * *
The ogre is burned by your cloak of flames.
You kill the ogre!
Your Spellcasting skill increases to level 4!
Your Invocations skill increases to level 3!
Casting: Scorch (safe; 3% risk of failure)
Confirm with . or Enter, or press ? or * to list all spells.
Flames lash something.
Reactivating autopickup.
You feel a bit more experienced.
You are too injured to fight recklessly!
Found a stone staircase leading up.
There is a stone staircase leading up here.
You climb upwards.
There is a stone staircase leading down here.
You start resting.
Magic restored.
You start resting.
Your fiery armour burns out.
You start resting.
HP restored.
You climb downwards.
The ogre hits you with a +0 giant club!
There is a stone staircase leading up here.
You shoot a sling bullet. The sling bullet hits the ogre.
The sling bullet freezes the ogre.
The ogre is lightly wounded.
The ogre hits you with a +0 giant club!!
The ogre hits you with a +0 giant club!
* * * LOW HITPOINT WARNING * * *
You climb upwards.
There is a stone staircase leading down here.
The ogre attacks as it pursues you! The ogre misses you.
The ogre attacks as it pursues you! The ogre barely misses you.
The ogre attacks as it pursues you!
The ogre hits you with a +0 giant club!!
You die...
Ignis goes out, and joins you in death.

#...# #.....####.#'####..######.
#...# #.....# #......##'#....#.
##### #.....# #..............#.
#..## ####### #..............#.
....# #..............'. #...# ###
#..............#. #..##
#.###.#####........#. #..##
######...#O....#####....## ....#
#........@.....'...#...... ....#
#.....#..##....##..'...... ....#
#.....'..########>.#...... ....#
#.....#..##........#......
#.######.....#..##........#......
#.###..#.....#...#........#......
.......'.....#...#...)....#......
.......#.....#..##....##..#....#'
..##...#....##..##....##.[#....#.


You could see an ogre.

Vanquished Creatures
  A steam dragon (D:4)
  An ice beast (D:5)
  3 ogres (D:5)
  A bombardier beetle (D:5)
  A hound (D:4)
  2 iguanas
  2 orc wizards (D:5)
  2 adders
  A gnoll (D:1)
  A dart slug (D:3)
  3 ribbon worms
  8 orcs
  5 endoplasms
  3 giant cockroaches
  7 goblins
  10 hobgoblins
  6 kobolds
  2 quokkas
  7 ball pythons
  10 bats
  2 frilled lizards
  3 rats (D:2)
81 creatures vanquished.

Vanquished Creatures (others)
  A hobgoblin (D:1)
  35 foxfires
36 creatures vanquished.

Grand Total: 117 creatures vanquished

Notes
Turn   | Place    | Note
-------+----------+-------------------------------------------
     0 | D:1      | 601d51SH the Gnoll Cinder Acolyte began the quest for the
                  | Orb.
     0 | D:1      | Reached XP level 1. HP: 23/23 MP: 4/4
    88 | D:1      | Reached XP level 2. HP: 15/29 MP: 5/5
   204 | D:1      | Reached XP level 3. HP: 35/35 MP: 7/7
   238 | D:1      | Found Mavvigey's Assorted Antiques.
   251 | D:1      | Bought a scroll labelled FAEFINLE WUVAWK for 24 gold pieces
   284 | D:1      | Found Udwon's Antique Weapon Shop.
   447 | D:1      | Reached skill level 1 in Invocations
   447 | D:1      | Found Hoanemp's Armour Shoppe.
   854 | D:2      | Learned a level 2 spell: Scorch
   891 | D:2      | Reached skill level 1 in Short Blades
   891 | D:2      | Reached skill level 1 in Long Blades
   891 | D:2      | Reached skill level 1 in Axes
   891 | D:2      | Reached skill level 1 in Maces & Flails
   891 | D:2      | Reached skill level 1 in Staves
   891 | D:2      | Reached skill level 1 in Ranged Weapons
   891 | D:2      | Reached skill level 1 in Throwing
   891 | D:2      | Reached skill level 1 in Armour
   891 | D:2      | Reached skill level 1 in Dodging
   891 | D:2      | Reached skill level 1 in Stealth
   891 | D:2      | Reached skill level 1 in Shields
   891 | D:2      | Reached skill level 1 in Unarmed Combat
   891 | D:2      | Reached skill level 1 in Evocations
  1201 | D:2      | Reached skill level 1 in Shapeshifting
  1201 | D:2      | Reached XP level 4. HP: 39/41 MP: 8/8
  1290 | D:2      | Found a faded altar of an unknown god.
  1305 | D:2      | Got Plato's Book of the Barrage
  1625 | D:3      | Learned a level 3 spell: Confusing Touch
  1693 | D:3      | Reached skill level 1 in Conjurations
  1693 | D:3      | Reached skill level 1 in Hexes
  1693 | D:3      | Reached skill level 1 in Summonings
  1693 | D:3      | Reached skill level 1 in Necromancy
  1693 | D:3      | Reached skill level 1 in Translocations
  1693 | D:3      | Reached skill level 1 in Ice Magic
  1693 | D:3      | Reached skill level 1 in Air Magic
  1693 | D:3      | Reached skill level 1 in Earth Magic
  1693 | D:3      | Reached skill level 1 in Alchemy
  2171 | D:4      | Noticed a steam dragon
  2181 | D:4      | Killed a steam dragon
  2182 | D:4      | Reached XP level 5. HP: 30/47 MP: 8/10
  2182 | D:4      | Reached XP level 6. HP: 34/53 MP: 8/11
  2549 | D:4      | Found a shadowy altar of Dithmenos.
  3113 | D:5      | Entered Level 5 of the Dungeon
  3140 | D:5      | Noticed an ice beast
  3158 | D:5      | Killed an ice beast
  3434 | D:5      | Reached XP level 7. HP: 29/60 MP: 9/12
  3656 | D:5      | Found the +6 shillelagh "Devastator" {shatter}
  3859 | D:4      | Mangled by an ogre

Illustrated notes

Levels and vault maps discovered:
D:1:      lightli_arrival_quake, layout_basic, serial_shops, shop_fountains,
          nicolae_shop_gibbet_a_chance, shop_statue, nrook_campfire
D:2:      layout_basic, shapermc_ecumenical_altar_rom_forum
D:3:      layout_loops_ring
D:4:      layout_gridville, overflow_temple_1_default, kennysheep_crisscross
D:5:      layout_loops_cross, dilly_guarded_unrand_devastator

Skill      XL: |  1  2  3  4  5  6  7 |
---------------+----------------------+-----
Invocations    | 1 2 3 |  3.1
Short Blades   | 1 2 |  2.8
Long Blades    | 1 2 |  2.8
Axes           | 1 2 |  2.8
Maces & Flails | 1 2 |  2.8
Staves         | 1 2 |  2.8
Ranged Weapons | 1 2 |  2.8
Throwing       | 1 2 |  2.8
Armour         | 1 2 |  2.8
Dodging        | 1 2 |  2.8
Stealth        | 1 2 |  2.8
Shields        | 1 2 |  2.8
Unarmed Combat | 1 2 |  2.8
Evocations     | 1 2 |  2.8
Shapeshifting  | 1 2 |  2.5
Spellcasting   | 3 4 |  4.0
Conjurations   | 1 2 |  2.3
Hexes          | 1 2 |  2.3
Summonings     | 1 2 |  2.3
Necromancy     | 1 2 |  2.3
Translocations | 1 2 |  2.3
Ice Magic      | 1 2 |  2.3
Air Magic      | 1 2 |  2.3
Earth Magic    | 1 2 |  2.3
Alchemy        | 1 2 |  2.3
Fighting       | 7 |  7.2
Polearms       | 7 |  7.2
Fire Magic     | |  5.9

Action                     |  1- 3 |  4- 6 |  7- 9 || total
---------------------------+-------+-------+-------++-------
  Melee: Spear             |    16 |       |       ||    16
         Dagger            |    31 |       |       ||    31
         Bite              |     1 |       |       ||     1
   Fire: Sling             |    50 |   142 |    26 ||   218
   Cast: Scorch            |       |     3 |     7 ||    10
 Invoke: Foxfire Swarm     |     1 |     2 |     1 ||     4
         Fiery Armour      |       |       |     1 ||     1
   Stab: Sleeping          |     2 |       |       ||     2
 Armour: Robe              |    41 |    16 |       ||    57
         Leather armour    |       |    33 |    14 ||    47
  Dodge: Dodged            |    60 |    37 |    12 ||   109

Table legend: (Time is in decaauts)
 A = Elapsed time spent in this place.
 B = Non-inter-level travel time spent in this place.
 C = Inter-level travel time spent in this place.
 D = Time resting spent in this place.
 E = Time spent auto-exploring this place.
 F = Levels seen in this place.
 G = Mean time per level.
                   A        B        C        D        E       F      G
               +--------+--------+--------+--------+--------+-----+--------+
         Total |   3928 |   3812 |    116 |    304 |   2627 |   5 |  785.6 |
       Dungeon |   3928 |   3812 |    116 |    304 |   2627 |   5 |  785.6 |
               +--------+--------+--------+--------+--------+-----+--------+

Top non-repeatable levels by time:
     D:4: 1208 daAuts
     D:2: 850 daAuts
     D:3: 660 daAuts
     D:5: 605 daAuts
     D:1: 603 daAuts
